 Dungeon Crawl Stone Soup version 0.20.1-1-g8b1a95d (webtiles) character file.

17 gobwax the Firebug (level 2, -2/17 HPs)
             Began as an Octopode Fire Elementalist on Aug 14, 2017.
             Slain by a gnoll
             ... wielding a +2 mace of protection
              (12 damage)
             ... on level 1 of the Dungeon.
             The game lasted 00:01:18 (495 turns).

gobwax the Firebug (Octopode Fire Elementalist)      Turns: 495, Time: 00:01:19

Health: -2/17      AC:  1    Str:  7    XL:     2   Next: 62%
Magic:  5/5        EV: 13    Int: 17    God:
Gold:   18         SH:  0    Dex: 12    Spells: 4/5 levels left

rFire    . . .     SeeInvis .   k - +0 whip (venom)
rCold    . . .     Gourm    .   (no shield)
rNeg     . . .     Faith    .   (helmet restricted)
rPois    .         Spirit   .   (no amulet)
rElec    .         Reflect  .   l - ring of teleportation (curse)
rCorr    .         Harm     .   (no ring)
MR       .....     Rnd*Tele +   (no ring)
Stlth    +++.......             (no ring)
Regen    0.1/turn               (no ring)
MPRegen  0.1/turn               (no ring)
                                (no ring)
                                (no ring)

@: no status effects
A: almost no armour, stealthy swim, amphibious, 8 rings, constrict 8, camouflage
1, gelatinous body 1
a: no special abilities


You were on level 1 of the Dungeon.
You were not hungry.

You visited 1 branch of the dungeon, and saw 1 of its levels.

You collected 18 gold pieces.

Inventory:

Hand Weapons
 c - a +1 mace of crushing
 k - a +0 whip of venom (weapon)
Jewellery
 l - a cursed ring of teleportation (left tentacle)
Scrolls
 e - a scroll of remove curse {unknown}
 g - a scroll of blinking {unknown}
 h - a scroll of enchant weapon {unknown}
 j - a scroll of teleportation {unknown}
Potions
 d - a potion of brilliance {unknown}
 f - a potion of might {unknown}
Books
 a - a book of Flames

   Spells                             Type                      Level
   a - Flame Tongue                   Conjuration/Fire             1
   b - Throw Flame                    Conjuration/Fire             2
   c - Conjure Flame                  Conjuration/Fire             3
   d - Inner Flame                    Hexes/Fire                   3
   e - Sticky Flame                   Conjuration/Fire             4
   f - Fireball                       Conjuration/Fire             5
Comestibles
 b - a bread ration


   Skills:
 - Level 2.0 Dodging
 - Level 2.6 Stealth
 + Level 2.2 Spellcasting
 + Level 1.0 Conjurations
 + Level 3.7 Fire Magic


You had 4 spell levels left.
You knew the following spells:

 Your Spells              Type           Power        Failure   Level  Hunger
a - Flame Tongue          Conj/Fire      #....        7%          1    #......


Dungeon Overview and Level Annotations

Branches:
Dungeon (1/15)

Altars:


Innate Abilities, Weirdness & Mutations

You cannot wear most types of armour.
You are very stealthy in the water. (Stealth+)
You are amphibious.
You can wear up to eight rings at the same time.
You can use your tentacles to constrict eight enemies at once.
Your skin changes colour to match your surroundings (Stealth+).
Your rubbery body absorbs attacks. (AC +1, EV +1)


Message History

You hit the dart slug.
The dart slug is heavily wounded.
You constrict the dart slug. You hit the dart slug.
You kill the dart slug!
No target in view!
Found a dagger.
A gnoll comes into view. It is wielding a mace of protection.
A gnoll is nearby!
Found a flail.
A bat comes into view.
You hit the gnoll but do no damage.
The gnoll is poisoned.
You grab the gnoll.
You constrict the gnoll, but do no damage.
The gnoll hits you with a mace of protection!
You hit the gnoll but do no damage.
The gnoll is lightly wounded.
You constrict the gnoll, but do no damage.
The gnoll hits you with a mace of protection!
Ouch! That really hurt!
You die...

#.......#.#.#
#≈≈≈≈≈≈#
#...........#
≈≈≈≈≈≈≈§
#########.#.#
# ≈≈≈#§≈≈
.........†##.#
§§§≈§§
#########....#
≈§≈≈§ #.####
####§§
#######.##
#<...§
#......?.#
#...§.
#.....@..#
####≈§
#.....g..+
§≈≈≈≈
#........#
§≈§≈§§
#...)....#
§§§#§≈≈
#........#
§§≈§≈≈≈
#..).....#
§≈≈≈≈#
#........#
#.....b... ###
### #..


You could see a gnoll and a bat (sleeping).

Vanquished Creatures
  A dart slug (D:1)
  A leopard gecko (D:1)
  2 ball pythons (D:1)
  A giant cockroach (D:1)
  3 goblins (D:1)
  2 hobgoblins (D:1)
  A kobold (D:1)
  2 rats (D:1)
13 creatures vanquished.

Notes
Turn   | Place    | Note
-------+----------+-------------------------------------------
     0 | D:1      | gobwax the Octopode Fire Elementalist began the quest for the Orb.
     0 | D:1      | Reached XP level 1. HP: 11/11 MP: 3/3
   221 | D:1      | Reached XP level 2. HP: 13/17 MP: 1/5
   495 | D:1      | Slain by a gnoll

Action                   || total
-------------------------++-------
Melee: Mace              ||     6
       Constrict         ||     6
       Whip              ||    18
       Tentacles         ||     1
 Cast: Flame Tongue      ||    10
 Stab: Sleeping          ||     1
Armor: Skin              ||     1
Dodge: Dodged            ||    22
